 Dungeon Crawl Stone Soup version 0.31-a0-1074-g0b22e4e0f1 (webtiles) character file.

Game seed: 2458494579014102454

583 Ekaitz the Gusty (level 7, -2/40 HPs)
             Began as a Tengu Air Elementalist on Nov 28, 2023.
             Slain by a vampire mosquito (9 damage)
             ... on level 5 of the Dungeon.
             The game lasted 00:06:04 (5602 turns).

Ekaitz the Gusty (Tengu Air Elementalist)           Turns: 5602, Time: 00:06:05

Health: -2/40      AC:  2    Str:  8    XL:     7   Next: 37%
Magic:  6/12       EV: 17    Int: 17    God:
Gold:   264        SH:  0    Dex: 15    Spells: 6/12 levels left

rFire   . . .        (no weapon)
rCold   . . .        (no shield)
rNeg    . . .        a - +0 robe
rPois   .            (helmet restricted)
rElec   .            (no cloak)
rCorr   .            (no gloves)
SInv    .            (boots unavailable)
Will    .....        (no amulet)
Stlth   ++           (no ring)
HPRegen 0.26/turn    (no ring)
MPRegen 0.13/turn

%: acrobat
@: about to teleport, flying, very slightly contaminated
A: beak, talons 3, evasive flight, acrobatic
a: no special abilities


You were on level 5 of the Dungeon.
You visited 1 branch of the dungeon, and saw 5 of its levels.

You collected 264 gold pieces.

Inventory:

Hand Weapons
 k - the +1 sling "Qaosk" {heavy, Str+4}
   (You found it on level 2 of the Dungeon)

   Str+4:     It affects your strength (+4).
 v - a +0 sling of freezing
Armour
 a - a +0 robe (worn)
 n - an orb of wrath
 y - a +0 buckler
Talismans
 d - a blade talisman
 x - a maw talisman
Scrolls
 e - 9 scrolls of identify {unknown}
 f - 2 scrolls of immolation {unknown}
 m - 2 scrolls of blinking {unknown}
 o - 2 scrolls of revelation {unknown}
 q - 2 scrolls of fear {unknown}
 r - a scroll of fog {unknown}
 t - 2 scrolls of butterflies {unknown}
 u - a scroll of torment {unknown}
 w - a scroll of amnesia {unknown}
 z - a scroll of noise {unknown}
Potions
 b - a potion of magic
 c - 3 potions of berserk rage {unknown}
 g - a potion of brilliance {unknown}
 h - a potion of mutation {unknown}
 i - a potion of resistance {unknown}
 j - 4 potions of curing {unknown}
 s - a potion of enlightenment {unknown}


   Skills:
 * Level 2.6 Fighting
 * Level 3.7 Dodging
 + Level 2.4 Stealth
 * Level 1.9 Shields
 + Level 3.0 Spellcasting
 + Level 3.5 Conjurations
 * Level 7.1 Air Magic


You had 6 spell levels left.
You knew the following spells:

 Your Spells              Type           Power      Damage    Failure   Level
a - Shock                 Conj/Air       80%        1d8       1%          1
b - Static Discharge      Conj/Air       40%        3-5/arc   3%          2
c - Swiftness             Air            26%        N/A       2%          3

Your spell library contained the following spells:

 Spells                   Type           Power      Damage    Failure   Level
 Magic Dart               Conj           56%        1d5       4%          1
 Airstrike                Air            13%        2d(2-18)  9%          4
 Mephitic Cloud           Conj/Pois/Air  14%        N/A       12%         3
 Call Imp                 Summ           4%         N/A       26%         2


Dungeon Overview and Level Annotations

Branches:
Dungeon (5/15)
 Temple: D:4-7

Altars:
Hepliaklqana

Annotations:
D:3 2 transporters, Ijyb; soul19's ghost, amateur DsFi


Innate Abilities, Weirdness & Mutations

You have a beak for a mouth.
You have claws for feet.
Your magical flight helps you evade attacks. (EV +4)
You can magically evade attacks while moving or waiting.


Message History

Aiming: Shock (safe; 1% risk of failure)
Press: ? - help, Shift-Dir - straight line The zap hits the vampire mosquito.
The vampire mosquito is heavily damaged.
The zap misses the vampire mosquito.
The zap hits the vampire mosquito!
The vampire mosquito is moderately damaged.
The vampire mosquito closely misses you.
The vampire mosquito misses you.
The vampire mosquito bites you but does no damage.
The vampire mosquito closely misses you.
Unknown command.
Casting: Shock (safe; 1% risk of failure)
Confirm with . or Enter, or press ? or * to list all spells.
Aiming: Shock (safe; 1% risk of failure)
Press: ? - help, Shift-Dir - straight line The zap hits the vampire mosquito.
The vampire mosquito is heavily damaged.
The zap hits the vampire mosquito.
The vampire mosquito is heavily damaged.
The zap hits the vampire mosquito.
The vampire mosquito is moderately damaged.
The vampire mosquito bites you!
The vampire mosquito draws strength from your injuries!
The vampire mosquito misses you.
The vampire mosquito closely misses you.
The vampire mosquito bites you!
* * * LOW HITPOINT WARNING * * *
The vampire mosquito draws strength from your injuries!
Casting: Shock (safe; 1% risk of failure)
Confirm with . or Enter, or press ? or * to list all spells.
Aiming: Shock (safe; 1% risk of failure)
Press: ? - help, Shift-Dir - straight line The zap hits the vampire mosquito.
The vampire mosquito is heavily damaged.
The zap hits the vampire mosquito.
The vampire mosquito is severely damaged.
The zap hits the vampire mosquito.
The vampire mosquito is heavily damaged.
The vampire mosquito bites you!
You die...

.#.##......#
#..#####.#
.#.####.####
#....§§..#
...........#
#####§####
.#####.....#
##§..§§..#
...........#
#§§.#☼##.#
..####.....##.#§#§§#
# #.# #.....#.
#§.§§# #.#
########☼#§#§## #.#
#☼§@## #.##
##§yyyy§.# ...#####
#☼####### .......#
§§ ..##.#. §§§
..##.#.# ##§#
........ #§ .###.#.#
#§ .###.#.#


You could see 4 vampire mosquitoes.

Vanquished Creatures
  A black bear (D:5)
  3 scorpions
  A howler monkey (D:5)
  A jelly (D:5)
  A hound (D:4)
  2 iguanas (D:5)
  A gnoll (D:1)
  6 adders
  4 dart slugs
  8 orcs
  15 endoplasms
  4 giant cockroaches (D:1)
  6 goblins
  8 hobgoblins
  8 jackals
  4 kobolds
  4 quokkas
  3 ball pythons
  4 bats
  A frilled lizard (D:3)
  7 rats
92 creatures vanquished.

Notes
Turn   | Place    | Note
-------+----------+-------------------------------------------
     0 | D:1      | Ekaitz the Tengu Air Elementalist began the quest for the
                  | Orb.
     0 | D:1      | Reached XP level 1. HP: 10/10 MP: 4/4
   186 | D:1      | Reached XP level 2. HP: 15/15 MP: 0/6
   189 | D:1      | Learned a level 2 spell: Static Discharge
   562 | D:1      | Reached XP level 3. HP: 20/20 MP: 3/7
   566 | D:1      | Learned a level 3 spell: Swiftness
  1153 | D:1      | Reached skill level 5 in Air Magic
  1629 | D:2      | Reached skill level 1 in Fighting
  1629 | D:2      | Reached XP level 4. HP: 21/25 MP: 0/8
  1975 | D:2      | Identified the +1 sling "Qaosk" {heavy, Str+4}
  2010 | D:2      | Noticed a scorpion
  2265 | D:3      | Found a transporter.
  2269 | D:3      | Noticed soul19's ghost (amateur DsFi)
  2270 | D:3      | Found a transporter.
  2357 | D:3      | Noticed Ijyb
  3381 | D:2      | Killed a scorpion
  3382 | D:2      | Reached XP level 5. HP: 18/30 MP: 1/9
  3971 | D:4      | Reached skill level 6 in Air Magic
  4383 | D:4      | Reached XP level 6. HP: 31/35 MP: 3/10
  4608 | D:5      | Entered Level 5 of the Dungeon
  4812 | D:5      | Noticed a black bear
  4820 | D:5      | Killed a black bear
  4821 | D:5      | Reached skill level 1 in Shields
  5151 | D:5      | Gained mutation: Your magical flight helps you evade
                  | attacks. (EV +4) [Tengu growth]
  5151 | D:5      | Reached XP level 7. HP: 40/40 MP: 7/12
  5216 | D:5      | Found a hazy altar of Hepliaklqana.
  5222 | D:5      | Reached skill level 7 in Air Magic
  5595 | D:5      | Noticed a vampire mosquito
  5595 | D:5      | Noticed a vampire mosquito
  5595 | D:5      | Noticed a vampire mosquito
  5595 | D:5      | Noticed a vampire mosquito
  5602 | D:5      | Slain by a vampire mosquito

Illustrated notes

Levels and vault maps discovered:
D:1:      evilmike_arrival_hilbert_curve, layout_basic
D:2:      layout_rooms
D:3:      layout_basic, gammafunk_ghost_mausoleum, uniq_ijyb
D:4:      layout_cave_pools, minmay_misc_feat_nine_boxes
D:5:      layout_loops_cross, nicolae_hepliaklqana_hippocampus

Skill      XL: |  1  2  3  4  5  6  7 |
---------------+----------------------+-----
Air Magic      | 5 6 7 |  7.1
Conjurations   | 2 3 |  3.5
Fighting       | 1 2 |  2.6
Dodging        | 3 |  3.7
Shields        | 1 |  1.9
Spellcasting   | 3 |  3.0
Stealth        | |  2.4

Action                     |  1- 3 |  4- 6 |  7- 9 || total
---------------------------+-------+-------+-------++-------
   Cast: Shock             |    80 |   121 |    17 ||   218
         Static Discharge  |     3 |    14 |     2 ||    19
    Use: Scroll            |       |       |     2 ||     2
 Armour: Robe              |     5 |    32 |    11 ||    48
  Dodge: Dodged            |     8 |    16 |    15 ||    39

Table legend: (Time is in decaauts)
 A = Elapsed time spent in this place.
 B = Non-inter-level travel time spent in this place.
 C = Inter-level travel time spent in this place.
 D = Time resting spent in this place.
 E = Time spent auto-exploring this place.
 F = Levels seen in this place.
 G = Mean time per level.
                   A        B        C        D        E       F      G
               +--------+--------+--------+--------+--------+-----+--------+
         Total |   5602 |   5254 |    348 |     31 |   4710 |   5 | 1120.4 |
       Dungeon |   5602 |   5254 |    348 |     31 |   4710 |   5 | 1120.4 |
               +--------+--------+--------+--------+--------+-----+--------+

Top non-repeatable levels by time:
     D:1: 1581 daAuts
     D:3: 1419 daAuts
     D:5: 993 daAuts
     D:2: 820 daAuts
     D:4: 787 daAuts
